[Event "Sautron op 16th"]
[Site "Sautron"]
[Date "2016.10.22"]
[Round "7.4"]
[White "Stany, George Anthony"]
[Black "Manea, Alexandru"]
[Result "1-0"]
[ECO "B83"]
[WhiteElo "2471"]
[BlackElo "2382"]
[Annotator "RR"]
[PlyCount "79"]
[EventDate "2016.10.22"]
[EventType "swiss"]
[EventRounds "9"]
[EventCountry "FRA"]
[SourceTitle "EXT 2019"]
[Source "ChessBase"]
[SourceDate "2018.10.10"]
[SourceVersion "1"]
[SourceVersionDate "2018.10.10"]
[SourceQuality "1"]
[TimeControl "40/5400+30:1800+30"]
[WhiteClock "0:33:17"]
[BlackClock "0:01:08"]

1. e4 c5 2. Nf3 e6 3. d4 cxd4 4. Nxd4 Nc6 5. Nc3 Qc7 6. Be2 Nf6 7. O-O Be7 8. Be3 O-O 9. f4 d6 10. Ndb5 $5 {[%emt 0:00:18] Une ligne secondaire} (10. Kh1) (
10. Qe1) 10... Qb8 11. Qe1 a6 12. Nd4 Nxd4 (12... Bd7 13. Rd1 b5 14. a3
Nxd4 15. Bxd4 Bc6 16. Bf3 e5 17. Be3 a5 18. Nd5 Bxd5 19. exd5 e4 20. Be2 Rc8
21. c3 Qb7 22. Qd2 Bd8 23. g4 Nd7 24. g5 Bb6 25. Bg4 Rc4 26. Be2 Qa7 27. Kf2
Nc5 28. Bxc4 bxc4 29. Bxc5 Bxc5+ 30. Kg3 e3 31. Qg2 Qe7 32. Rde1 Rf8 33. Re2 f6
34. h4 g6 35. Qf3 fxg5 36. hxg5 Rf5 37. Rfe1 Qf7 38. Rxe3 Bxe3 39. Rxe3 Qxd5
40. Re8+ Kf7 41. Qe3 Qd3 42. Re7+ {Swiercz,D (2565)-Potkin,V (2669) Plovdiv
2012 1/2-1/2}) 13. Bxd4 e5 14. Be3 (14. fxe5 dxe5 15. Be3 Ng4) 14... b5 15. fxe5 dxe5 16. Qg3 Kh8 17. Bg5 Ng8 {[%emt 0:23:23] Un coup passif et les Noirs
n'ont pas terminé le développement de l'aile-dame} 18. Nd5 Bxg5 19. Qxg5 $14 Be6 20. Rad1 $32 Qa7+ $146 (20... Rd8 21. Kh1 f6 22. Qh4 Qb7 23. b3 f5 24. Nf4 exf4 25.
Rxd8 Rxd8 26. Qxd8 Qxe4 27. Bd3 Qe5 28. Qg5 f3 29. Rxf3 Qa1+ 30. Rf1 Qxa2 31.
Bxf5 h6 32. Qg6 Bxf5 33. Qxf5 Qb2 34. h3 Qd4 35. Qd3 Qc5 36. Qf5 Qd4 37. Rf3
Qd1+ 38. Kh2 Qd6+ 39. Qf4 Qc6 40. c4 Nf6 41. Rd3 Qe6 42. c5 Kh7 43. b4 g5 44.
Rd6 {1-0 (44) Nolte,R (2420)-Rahman,Z (2558) Olongapo City 2010}) 21. Kh1 f6 22. Qh4 Ne7 23. Bg4 $1 Bxg4 24. Qxg4 Rad8 25. Qe6 Nxd5 26. Rxd5 Rxd5 27. exd5 Qc5 28. c3 Qc4 (
28... b4 29. cxb4 Qxb4 30. d6 Rd8 31. Rd1 $36) 29. Kg1 Qc5+ 30. Kh1 Qc4 31. Rf3 Qxa2 32. h3 Rg8
$6 33. Qd7 Qxb2 34. Qe7 Qc1+ 35. Kh2 b4 $2 36. d6 e4 37. Rxf6 $1 h6 38. Rf8 Qg5 39. Rxg8+ Kxg8 40. Qxg5 1-0